 Dungeon Crawl Stone Soup version 0.21.1 (webtiles) character file.

9240 Pixllover the Cleaver (level 11, -5/145 HPs)
             Began as a Minotaur Berserker on Feb 3, 2018.
             Was a High Priest of Trog.
             Slain by an 18-headed hydra (11 damage)
             ... on level 11 of the Dungeon.
             The game lasted 00:24:27 (9105 turns).

Pixllover the Cleaver (Minotaur Berserker)          Turns: 9105, Time: 00:24:27

Health: -5/145     AC: 24    Str: 31    XL:     11   Next: 20%
Magic:  3/3        EV: 10    Int: 10    God:    Trog [*****.]
Gold:   578        SH:  8    Dex:  9    Spells: 10/10 levels left

rFire    + . .     SeeInvis .   M - +4 broad axe (antimagic)
rCold    + + .     Gourm    .   g - +3 buckler of the Leaf {*Slow rC++ Int+6}
rNeg     . . .     Faith    +   A - +0 plate armour {rPois}
rPois    +         Spirit   .   (helmet restricted)
rElec    .         Reflect  .   F - +2 cloak
rCorr    .         Harm     .   v - +0 pair of gloves
MR       .....                  h - +2 pair of boots
Stlth    ..........             j - amulet of faith
HPRegen  0.34/turn              i - +2 ring of protection
MPRegen  0.08/turn              p - ring of protection from fire

@: berserking, very quick
A: retaliatory headbutt, horns 2
a: Berserk, Trog's Hand, Brothers in Arms, Burn Spellbooks, Renounce Religion


You were on level 11 of the Dungeon.
You worshipped Trog.
Trog was extremely pleased with you.
You were very hungry.

You visited 1 branch of the dungeon, and saw 11 of its levels.

You collected 623 gold pieces.
You spent 45 gold pieces at shops.

Inventory:

Hand Weapons
 y - a +3 war axe of freezing
 M - a +4 antimagic broad axe (weapon)
Missiles
 d - 15 tomahawks (quivered)
Armour
 g - the +3 buckler of the Leaf (worn) {*Slow rC++ Int+6}
   (You found it on level 5 of the Dungeon)

   It affects your intelligence (+6).
   It greatly protects you from cold.
   It may slow you when you take damage.
 h - a +2 pair of boots (worn)
 v - a +0 pair of gloves (worn)
 A - a +0 plate armour of poison resistance (worn)
 F - a +2 cloak (worn)
Jewellery
 i - a +2 ring of protection (left hand)
 j - an amulet of faith (around neck)
 p - a ring of protection from fire (right hand)
Wands
 q - a wand of scattershot (3)
 t - a wand of iceblast (21)
 z - a wand of clouds (6)
 C - a wand of acid (16)
 J - a wand of enslavement (13)
 K - a wand of digging (9)
Scrolls
 b - 9 scrolls of teleportation
 k - 2 scrolls of immolation
 n - 4 scrolls of remove curse
 o - 2 scrolls of magic mapping
 s - a scroll of enchant weapon
 D - 2 scrolls of identify
 G - a scroll of enchant armour
Potions
 e - 4 potions of heal wounds
 l - 2 potions of lignification
 u - a potion of brilliance
 w - 2 potions of curing
 x - a potion of flight {unknown}
 N - 2 potions of agility {unknown}
Comestibles
 c - 23 rations


   Skills:
 + Level 9.0 Fighting
 + Level 13.8 Axes
 + Level 9.9 Armour
 + Level 6.2 Dodging
 + Level 1.8 Stealth
 + Level 6.2 Shields


You had 10 spell levels left.
You didn't know any spells.

Dungeon Overview and Level Annotations

Branches:
Dungeon (11/15)            Temple (0/1) D:5             Orc (0/2) D:9
   Lair: D:8-11

Altars:
Ashenzari
Nemelex Xobeh
Sif Muna
Uskayaw

Shops:
D:9 !   D:10 :


Innate Abilities, Weirdness & Mutations

You reflexively headbutt those who attack you in melee.
You have a pair of horns on your head.


Message History

The 16-headed hydra misses you. The 16-headed hydra bites you.
* * * LOW HITPOINT WARNING * * *
The 16-headed hydra barely misses you.
The 16-headed hydra bites you but does no damage.
You block the 16-headed hydra's attack.
The 16-headed hydra bites you but does no damage.
The 16-headed hydra bites you.
* * * LOW HITPOINT WARNING * * *
You slice one of the 16-headed hydra's heads off!
The 15-headed hydra grows two more!
You slice the 17-headed hydra!!
The 17-headed hydra is almost dead.
You hack one of the 17-headed hydra's heads off!
The 16-headed hydra grows two more!
You slash the 18-headed hydra!
Your headbutt misses the 18-headed hydra.
The 18-headed hydra is almost dead.
The 18-headed hydra bites you but does no damage.
The 18-headed hydra barely misses you.
The 18-headed hydra bites you but does no damage. x2
The 18-headed hydra bites you!
You die...

#######.##### ............# ....
............# ..#. ...........(#
... ............# ..#
....).......# .. .........(..# .#
............######.###### .#
(...............@D.......... .
............##############.##.#
.........>...................
............######.....###.#
......(....................#.####
.....=......######.....)...#.....
#####.#..........#....)))(.###...
......#...##......#....))(.......
#####.............#........###...


You could see a 18-headed hydra.

Vanquished Creatures
  The ghost of hell0 the Spear-Bearer, a novice DsAK of Lugonu (D:7)
  Maurice (D:8)
  Joseph (D:9)
  Psyche (D:8)
  A troll (D:10)
  The ghost of subsebi the Chopper, an amateur DsCK of Xom (D:5)
  A hornet (D:10)
  A hippogriff (D:10)
  14 yaks
  Grum (D:8)
  Menkaure (D:4)
  A soldier ant (D:10)
  2 orc warriors
  An ice beast (D:6)
  A black bear (D:8)
  3 sky beasts
  A necrophage (D:11)
  6 ogres
  An eye of draining (D:10)
  2 wolves (D:8)
  4 centaurs
  3 big kobolds
  4 bullfrogs
  2 scorpions
  3 killer bees (D:3)
  10 wights (D:7)
  A howler monkey (D:8)
  4 crimson imps
  3 bullfrog zombies
  A jelly (D:11)
  A bullfrog skeleton (D:11)
  2 centaur skeletons
  An orc priest (D:8)
  9 hounds
  An iguana (D:8)
  9 orc wizards
  15 worker ants
  2 hound skeletons
  A howler monkey zombie (D:10)
  A worker ant zombie (D:9)
  3 gnolls (D:7)
  10 adders
  2 shadow imps
  A white imp (D:7)
  4 worms
  An adder skeleton (D:10)
  2 dart slugs (D:2)
  6 leopard geckos
  26 orcs
  5 giant cockroaches
  4 hobgoblins
  13 jackals
  20 kobolds
  3 quokkas
  4 bats
  6 frilled lizards
  6 goblins
  A jackal skeleton (D:7)
  5 rats
241 creatures vanquished.

Notes
Turn   | Place    | Note
-------+----------+-------------------------------------------
     0 | D:1      | Pixllover the Minotaur Berserker began the quest for the Orb.
     0 | D:1      | Reached XP level 1. HP: 19/19 MP: 0/0
   338 | D:1      | Reached XP level 2. HP: 26/27 MP: 1/1
   512 | D:1      | Reached skill level 4 in Axes
   933 | D:2      | Reached ** piety under Trog
   933 | D:2      | Reached XP level 3. HP: 29/34 MP: 2/2
  1372 | D:2      | Reached XP level 4. HP: 24/41 MP: 3/3
  1376 | D:2      | Reached skill level 5 in Axes
  2109 | D:3      | Reached XP level 5. HP: 43/47 MP: 4/4
  2129 | D:3      | Reached skill level 5 in Fighting
  2130 | D:3      | Reached skill level 6 in Axes
  2131 | D:3      | Reached XP level 6. HP: 52/56 MP: 5/5
  2690 | D:4      | Found a shattered altar of Ashenzari.
  2728 | D:4      | Reached *** piety under Trog
  2982 | D:4      | Reached skill level 7 in Axes
  2982 | D:4      | Reached XP level 7. HP: 60/61 MP: 6/6
  3169 | D:4      | Noticed Menkaure
  3176 | D:4      | Killed Menkaure
  3282 | D:4      | Reached skill level 1 in Stealth
  3383 | D:4      | Reached skill level 5 in Armour
  3659 | D:5      | Entered Level 5 of the Dungeon
  3758 | D:5      | Got a faintly humming buckler
  3764 | D:5      | Identified the +3 buckler of the Leaf {*Slow rC++ Int+6} (You found it on level 5 of the Dungeon)
  3768 | D:5      | Noticed subsebi's ghost (amateur DsCK)
  3790 | D:5      | Killed subsebi's ghost
  3790 | D:5      | Reached skill level 8 in Axes
  3790 | D:5      | Reached XP level 8. HP: 40/70 MP: 7/7
  4007 | D:5      | Found a staircase to the Ecumenical Temple.
  4403 | D:5      | Reached skill level 9 in Axes
  4823 | D:6      | Reached **** piety under Trog
  5046 | D:6      | Reached skill level 1 in Shields
  5289 | D:7      | Reached skill level 5 in Dodging
  5448 | D:7      | Reached XP level 9. HP: 78/78 MP: 8/8
  5472 | D:7      | Reached skill level 10 in Axes
  5519 | D:7      | Noticed hell0's ghost (novice DsAK)
  5534 | D:7      | Killed hell0's ghost
  5864 | D:7      | Found a sparkling altar of Nemelex Xobeh.
  5971 | D:7      | Reached ***** piety under Trog
  6464 | D:8      | Noticed Maurice
  6477 | D:8      | Killed Maurice
  6477 | D:8      | Reached skill level 11 in Axes
  6544 | D:8      | Noticed Grum
  6550 | D:8      | Killed Grum
  6593 | D:8      | Noticed Psyche
  6598 | D:8      | Killed Psyche
  6598 | D:8      | Reached XP level 10. HP: 82/88 MP: 9/9
  7213 | D:9      | Found Jiarexi's Distillery.
  7232 | D:9      | Bought a potion of lignification for 45 gold pieces
  7283 | D:9      | Found a staircase to the Orcish Mines.
  7344 | D:9      | Found a hide-covered altar of Uskayaw.
  7344 | D:9      | Found a deep blue altar of Sif Muna.
  7396 | D:9      | Reached skill level 12 in Axes
  7723 | D:9      | Noticed Joseph
  7739 | D:9      | Killed Joseph
  7779 | D:10     | Entered Level 10 of the Dungeon
  7779 | D:10     | Found Puriuwi's Book Shop.
  7781 | D:10     | Reached skill level 5 in Shields
  7864 | D:10     | Received a gift from Trog
  7956 | D:10     | Reached skill level 13 in Axes
  8243 | D:10     | Reached XP level 11. HP: 95/95 MP: 3/10
  9084 | D:11     | Noticed a five-headed hydra
  9103 | D:11     | HP: 6/145 [16-headed hydra (5)]
  9105 | D:11     | Slain by an 18-headed hydra

Skill      XL: |  1  2  3  4  5  6  7  8  9 10 11 |
---------------+----------------------------------+-----
Fighting       | 4 5 6 7 8 9 |  9.0
Axes           | 4 5 6 7 8 9 11 13 | 13.8
Dodging        | 3 4 5 6 |  6.2
Armour         | 3 4 5 7 8 9 |  9.9
Stealth        | 1 |  1.8
Shields        | 1 3 5 6 |  6.2

Action                   |  1- 3 |  4- 6 |  7- 9 | 10-12 || total
-------------------------+-------+-------+-------+-------++-------
Melee: Hand axe          |    68 |   117 |   162 |       ||   347
       Headbutt          |    11 |    19 |    41 |    40 ||   111
       War axe           |       |       |   100 |   109 ||   209
       Broad axe         |       |       |       |   103 ||   103
Invok: Berserk           |       |     1 |     5 |     2 ||     8
       Burn Spellbooks   |       |       |     1 |       ||     1
  Use: Scroll            |     4 |     3 |     6 |     3 ||    16
       Potion            |       |       |     3 |     2 ||     5
  Eat: Chunk             |     1 |     4 |    15 |     9 ||    29
       Ration            |       |     1 |       |       ||     1
Armor: Animal skin       |    19 |     1 |       |       ||    20
       Scale mail        |       |    61 |   107 |       ||   168
       Plate armour      |       |       |    10 |   148 ||   158
Dodge: Dodged            |    52 |    82 |   120 |    88 ||   342
Block: Buckler           |       |       |    56 |   102 ||   158
